 Dungeon Crawl Stone Soup version 0.19.5 (webtiles) character file.

98936 Inarius the Stickfighter (level 15, -12/139 HPs)
             Began as a Minotaur Fighter on May 9, 2017.
             Was the Champion of Nemelex Xobeh.
             Killed from afar by a fire giant (42 damage)
             ... with a fireball
             ... on level 14 of the Dungeon on May 10, 2017.
             The game lasted 02:01:06 (28117 turns).

Inarius the Stickfighter (Minotaur Fighter)        Turns: 28117, Time: 02:01:08

Health: -12/139    AC: 24    Str: 30    XL:     15   Next: 76%
Magic:  23/23      EV: 17    Int:  5    God:    Nemelex Xobeh [******]
Gold:   2218       SH:  5    Dex: 14    Spells: 0 memorised, 14 levels left

rFire  x . .     SeeInvis .     R - +4 lajatang of the Final Decision {drain, Str+4}
rCold  + + +     Gourm    .     a - +2 ice dragon scales
rNeg   . . .     Faith    .     (shield currently unavailable)
rPois  .         Spirit   .     (helmet restricted)
rElec  .         Reflect  +     x - +0 cloak
rCorr  .         Harm     .     H - +2 pair of gloves {Str+3}
MR     +....                    E - +2 pair of boots
Stlth  +.........               L - +5 amulet of reflection
                                w - ring of protection from cold
                                B - +2 ring of evasion

@: no status effects
A: retaliatory headbutt, beak, horns 2
a: Triple Draw, Deal Four, Stack Five, Renounce Religion


You were on level 14 of the Dungeon.
You worshipped Nemelex Xobeh.
Nemelex Xobeh was exalted by your worship.
You were hungry.

You visited 3 branches of the dungeon, and saw 22 of its levels.
You also visited: Labyrinth, Bailey and Ice Cave.

You collected 3214 gold pieces.
You spent 996 gold pieces at shops.

Inventory:

Hand Weapons
 R - the +4 lajatang of the Final Decision (weapon) {drain, Str+4}
   (You found it in a bailey)

   A truly terrible weapon, it drains the life of those it strikes.
   It affects your strength (+4).
Armour
 a - +2 ice dragon scales (worn)
 c - a +0 shield
 x - a +0 cloak (worn)
 E - a +2 pair of boots (worn)
 H - a +2 pair of gloves of strength (worn)
 I - +0 storm dragon scales
Jewellery
 f - an uncursed ring of protection from fire
 w - a ring of protection from cold (right hand)
 y - an uncursed ring of protection from fire
 A - an uncursed ring of protection from magic
 B - a +2 ring of evasion (left hand)
 L - a +5 amulet of reflection (around neck)
Wands
 G - a wand of lightning (11/15)
Scrolls
 j - 4 scrolls of teleportation
 l - a scroll of remove curse
 m - a scroll of recharging
 n - 7 scrolls of fear
 p - 4 scrolls of enchant weapon
 s - 4 scrolls of fog
 u - a scroll of summoning
 O - 2 scrolls of magic mapping
 V - 3 scrolls of blinking
 Z - 5 scrolls of immolation
Potions
 b - 3 potions of cancellation
 d - 3 potions of might
 e - 3 potions of flight
 g - 7 potions of curing
 i - 3 potions of heal wounds
 q - 2 potions of resistance
 t - 2 potions of agility
 v - 2 potions of haste
 J - 3 potions of cure mutation
 M - 2 potions of ambrosia
 P - a potion of berserk rage
 Q - 3 potions of brilliance
Miscellaneous
 h - an ornate deck of destruction {drawn: 4}
 o - a legendary deck of escape
 C - an ornate deck of destruction
 F - an ornate deck of escape
 K - a legendary deck of summoning
 N - an ornate deck of destruction
 S - a plain deck of summoning {drawn: 1}
 T - a legendary deck of escape
 W - an ornate deck of destruction
 X - an ornate deck of destruction
 Y - an ornate deck of escape
Comestibles
 k - 19 fruits
 r - 11 meat rations
 z - 10 slices of pizza
 D - 4 beef jerkies


   Skills:
 + Level 14.3 Fighting
   Level 9.6(10.2) Axes
   Level 5.4(13.0) Maces & Flails
 + Level 15.8(16.1) Staves
 + Level 11.4 Armour
 + Level 8.8 Dodging
 + Level 4.5 Stealth
 + Level 11.5 Shields
 * Level 12.6 Invocations


You had 14 spell levels left.
You didn't know any spells.

Dungeon Overview and Level Annotations

Branches:
Dungeon (14/15)            Temple (0/1) D:7            Lair (6/6) D:9
  Swamp (0/4) Lair:3        Snake (0/4) Lair:2        Slime (0/5) Lair:5
    Orc (2/2) D:10            Elf (0/3) Orc:2        Vaults (0/5) D:13

Altars:
Dithmenos
Fedhas
Nemelex Xobeh
Yredelemnul
Beogh
Jiyva

Shops:
D:8 !   D:14 ?   Orc:1 !}*[(   Orc:2 ?%?%


Innate Abilities, Weirdness & Mutations

You reflexively headbutt those who attack you in melee.
You have a pair of horns on your head.
You have a beak for a mouth.


Message History

You hit the fire giant. You drain the fire giant! You headbutt the fire giant!!
Your peck misses the fire giant.
The fire giant is heavily wounded.
The fire giant points at you and mumbles some strange words.
The fireball explodes!
The fireball engulfs you! The fire burns you terribly!
Ouch! That really hurt!
* * * LOW HITPOINT WARNING * * *
The fireball engulfs the fire giant.
The fire giant resists.
You hear a shout!
You feel much better.
The fire giant points at you and mumbles some strange words.
The fireball explodes!
The fireball engulfs you! The fire burns you terribly!
* * * LOW HITPOINT WARNING * * *
The fireball engulfs the fire giant.
The fire giant resists.
You feel much better.
You are feeling hungry.
The fire giant points at you and mumbles some strange words.
The fireball explodes!
The fireball engulfs you! The fire burns you terribly!
You die...
Your body glows with a rainbow of weird colours and disappears.

....#
#.################
....#
#..............<..
....#
#########...######
##### ### #...# # #.#
#...###### ## '.##
#......... ≈## #..#
#......... ≈≈# #C.#
#......... ≈## #@.##
#......... ## #...#
#......... # #...#
####.....<. ### #)..#
#.......... ..# #...#
#.......###
..###############'###
#.......##.
..'........#.....)..#
#######.##.
..########.#........#
#.##. ..#
#.#........# #.##.


You could see a fire giant.

Vanquished Creatures
  Rupert (Lair:3)
  An emperor scorpion (Lair:6)
  An entropy weaver (Lair:5)
  A vampire knight (D:14)
  A minotaur (Lab)
  Josephine (Orc:2)
  The ghost of Inarius the Blocker, a journeyman MiFi of Nemelex Xobeh (D:11)
  3 hydras
  Harold (D:12)
  The ghost of Frank the Basher, a journeyman GrFi of the Shining One (Orc:2)
  An ice dragon (IceCv)
  3 catoblepae (Lair:6)
  2 dancing weapons (D:13)
  4 ogre magi (Orc:2)
  A centaur warrior (D:14)
  A queen ant (Lair:6)
  A tengu warrior (D:13)
  An orc high priest (Orc:2)
  5 death yaks (Lair:6)
  A deep elf knight (D:14)
  5 unseen horrors
  5 hill giants
  3 orc knights
  A harpy (shapeshifter) (D:13)
  4 ugly things
  An orb spider (Lair:4)
  A deep elf mage (D:14)
  2 orc sorcerers (Orc:2)
  2 manticores
  3 cyclopes
  6 elephants
  2 ice statues (IceCv)
  Joseph (D:8)
  7 spiny frogs
  4 black mambas
  8 komodo dragons
  A yaktaur (D:14)
  An efreet (D:14)
  A kobold demonologist (D:13)
  6 rime drakes
  A queen bee (Lair:4)
  4 trolls
  A tengu conjurer (D:13)
  A raiju (Lair:4)
  A hornet (D:10)
  2 polar bears
  11 two-headed ogres
  16 blink frogs
  6 dream sheep (Lair:2)
  14 slime creatures
  6 hippogriffs
  2 redbacks (Lab)
  5 wraiths
  3 wyverns
  9 water elementals
  3 basilisks
  A human (shapeshifter) (D:14)
  38 yaks
  4 hogs
  A human (D:9)
  A mottled dragon (D:13)
  4 hungry ghosts
  7 soldier ants
  Duvessa (D:7)
  A hell hound (D:7)
  15 water moccasins
  15 ice beasts
  13 orc warriors
  9 porcupines
  3 phantoms
  3 black bears
  A necrophage (D:5)
  2 eyes of draining
  8 sky beasts
  A hornet zombie (D:14)
  23 ogres
  A wolf (D:9)
  9 centaurs
  4 crocodiles
  3 big kobolds
  15 bullfrogs
  A wyvern zombie (D:14)
  Dowan (D:7)
  A hornet simulacrum (D:9)
  A wyvern skeleton (D:11)
  10 killer bees
  4 scorpions
  13 wights
  5 howler monkeys
  6 electric eels
  7 crimson imps
  4 centaur zombies
  3 bullfrog zombies
  11 hounds
  5 jellies
  2 centaur skeletons
  6 orc priests
  18 orc wizards
  2 bullfrog skeletons
  3 iguanas
  18 worker ants
  A killer bee zombie (D:5)
  A bullfrog simulacrum (D:9)
  3 worker ant zombies
  14 adders
  8 gnolls
  3 shadow imps
  4 white imps
  2 ufetubi (D:9)
  2 oozes
  4 adder zombies
  2 adder skeletons
  2 worms
  3 dart slugs
  An adder simulacrum (D:9)
  6 leopard geckos
  65 orcs
  6 giant cockroaches
  6 goblins
  4 hobgoblins
  21 jackals
  15 kobolds
  7 quokkas
  8 bats
  6 frilled lizards
  A leopard gecko zombie (D:5)
  A quokka skeleton (D:8)
  6 rats
  A fungus (Lair:1)
688 creatures vanquished.

Vanquished Creatures (collateral kills)
  A storm dragon (D:13)
  A ghost moth (Lair:6)
  2 entropy weavers
  The ghost of greprep the Unseen, a journeyman SpEn of Ashenzari (Orc:1)
  An ice dragon (IceCv)
  4 hydras
  A catoblepas (Lair:6)
  Erica (D:8)
  A death yak (Lair:6)
  A queen ant (Lair:5)
  An unseen horror (Lair:6)
  3 hill giants
  An orc sorcerer (Orc:2)
  8 elephants
  A torpor snail (Lair:4)
  2 rime drakes
  A troll (D:14)
  4 two-headed ogres (Orc:2)
  3 hippogriffs
  3 dream sheep
  A wraith (Orc:1)
  A wyvern (Lair:2)
  6 yaks
  3 hungry ghosts
  A naga (Lair:2)
  2 water moccasins
  A porcupine (Lair:3)
  5 ice beasts (IceCv)
  5 orc warriors
  A phantom (D:10)
  7 ogres (Orc:2)
  2 bullfrogs
  3 killer bees (D:8)
  2 wights (D:7)
  An electric eel (Lair:2)
  5 orc priests
  6 orc wizards
  A worker ant (D:5)
  2 gnolls (D:7)
  A shadow imp (D:8)
  17 orcs
  2 goblins (Bailey)
  A hobgoblin (Bailey)
  A jackal (D:8)
  A quokka (D:9)
119 creatures vanquished.

Vanquished Creatures (others)
  2 two-headed ogres (Orc:2)
  An ogre (Orc:2)
  A tengu (D:14)
  An orc wizard (D:8)
  An adder (D:12)
  A ball lightning (D:8)
  3 orcs
  7 kobolds (Bailey)
  9 fungi
  6 plants (Lair:6)
32 creatures vanquished.

Grand Total: 839 creatures vanquished

Notes
Turn   | Place    | Note
-------+----------+-------------------------------------------
     0 | D:1      | Inarius the Minotaur Fighter began the quest for the Orb.
     0 | D:1      | Reached XP level 1. HP: 19/19 MP: 0/0
    82 | D:1      | Reached XP level 2. HP: 25/27 MP: 1/1
   677 | D:1      | Reached XP level 3. HP: 32/33 MP: 2/2
  1001 | D:2      | Found a sparkling altar of Nemelex Xobeh.
  1016 | D:2      | Became a worshipper of Nemelex Xobeh the Trickster
  1035 | D:2      | Received a gift from Nemelex Xobeh
  1209 | D:2      | Reached XP level 4. HP: 39/40 MP: 3/3
  1341 | D:3      | Reached skill level 1 in Dodging
  1637 | D:3      | Reached * piety under Nemelex Xobeh
  1828 | D:3      | Reached XP level 5. HP: 45/46 MP: 4/4
  1857 | D:3      | Gained mutation: You possess an exceptional clarity of mind. [potion of beneficial mutation]
  2069 | D:3      | Reached skill level 5 in Shields
  2161 | D:4      | Received a gift from Nemelex Xobeh
  2302 | D:4      | Reached skill level 5 in Axes
  2316 | D:4      | Reached XP level 6. HP: 52/52 MP: 5/5
  2677 | D:4      | Reached ** piety under Nemelex Xobeh
  2677 | D:4      | Received a gift from Nemelex Xobeh
  2812 | D:4      | Reached skill level 1 in Stealth
  2862 | D:5      | Entered Level 5 of the Dungeon
  2992 | D:5      | Received a gift from Nemelex Xobeh
  2999 | D:5      | Noticed a hill giant
  3007 | D:5      | Killed a hill giant
  3007 | D:5      | Reached skill level 1 in Invocations
  3007 | D:5      | Reached XP level 7. HP: 60/60 MP: 5/7
  3323 | D:5      | Reached skill level 5 in Armour
  3529 | D:5      | Reached XP level 8. HP: 53/67 MP: 7/9
  3620 | D:5      | Reached skill level 5 in Fighting
  3666 | D:5      | Noticed a hill giant
  3667 | D:5      | Noticed an orange demon
  3676 | D:5      | Killed a hill giant
  3686 | D:5      | Got a bloodstained morningstar
  3694 | D:5      | Identified the cursed +1 morningstar of Welfare {freeze, Dex+4} (You found it on level 5 of the Dungeon)
  4074 | D:6      | Reached skill level 1 in Maces & Flails
  4131 | D:6      | Received a gift from Nemelex Xobeh
  4263 | D:6      | Reached *** piety under Nemelex Xobeh
  4459 | D:6      | Received a gift from Nemelex Xobeh
  4809 | D:7      | Found a staircase to the Ecumenical Temple.
  4874 | D:7      | Noticed Duvessa
  4874 | D:7      | Noticed Dowan
  4883 | D:7      | Killed Duvessa
  4883 | D:7      | Reached XP level 9. HP: 56/74 MP: 11/11
  4884 | D:7      | Killed Dowan
  5430 | D:7      | Received a gift from Nemelex Xobeh
  5522 | D:7      | Reached skill level 5 in Maces & Flails
  5530 | D:7      | Reached skill level 5 in Invocations
  5660 | D:7      | Noticed Pikel
  5669 | D:7      | Noticed Pikel
  5669 | D:7      | Pikel changed into Pikel the yak
  5687 | D:7      | Killed Pikel the yak
  5729 | D:7      | Gained mutation: You have a beak for a mouth. [mutagenic meat]
  5730 | D:7      | Lost mutation: You possess an exceptional clarity of mind. [mutagenic meat]
  5991 | D:7      | Reached **** piety under Nemelex Xobeh
  6263 | D:8      | Noticed Erica
  6268 | D:8      | Killed Erica
  6268 | D:8      | Reached XP level 10. HP: 78/83 MP: 13/13
  6374 | D:8      | Found Inleid's Distillery.
  6390 | D:8      | Found a flagged portal.
  6399 | Bailey   | Entered a bailey
  6489 | Bailey   | Noticed an orc knight
  6501 | Bailey   | Killed an orc knight
  6512 | Bailey   | Got a twisted lajatang
  6517 | Bailey   | Noticed an orc knight
  6519 | Bailey   | Found a bloodstained altar of Trog.
  6525 | Bailey   | Killed an orc knight
  6575 | Bailey   | Identified the +4 lajatang of the Final Decision {drain, Str+4} (You found it in a bailey)
  6759 | D:8      | Received a gift from Nemelex Xobeh
  6767 | D:8      | Found a blossoming altar of Fedhas.
  6782 | D:8      | Noticed Joseph
  6790 | D:8      | Killed Joseph
  6885 | D:8      | Reached skill level 1 in Staves
  7148 | D:8      | Reached skill level 2 in Staves
  7282 | D:8      | Bought a potion of might for 48 gold pieces
  7373 | D:9      | Received a gift from Nemelex Xobeh
  7381 | D:9      | Reached skill level 5 in Dodging
  7397 | D:9      | Reached skill level 3 in Staves
  7467 | D:9      | Found a shadowy altar of Dithmenos.
  7622 | D:9      | Reached skill level 4 in Staves
  7660 | D:9      | Reached XP level 11. HP: 83/92 MP: 15/15
  7769 | D:9      | Reached skill level 5 in Staves
  8043 | D:9      | Reached ***** piety under Nemelex Xobeh
  8043 | D:9      | Received a gift from Nemelex Xobeh
  8177 | D:9      | Reached skill level 6 in Staves
  8353 | D:9      | Found a staircase to the Lair.
  8504 | D:10     | Entered Level 10 of the Dungeon
  8609 | D:10     | Received a gift from Nemelex Xobeh
  8698 | D:10     | Found a staircase to the Orcish Mines.
  8780 | D:10     | Noticed a hill giant
  8805 | D:10     | Killed a hill giant
  8968 | D:11     | Noticed Inarius's ghost (journeyman MiFi)
  9332 | D:11     | Reached skill level 7 in Staves
  9951 | D:11     | Received a gift from Nemelex Xobeh
  9987 | D:11     | Noticed a hill giant
  9987 | D:11     | Killed Inarius's ghost
  9987 | D:11     | Reached skill level 8 in Staves
  9989 | D:11     | Killed a hill giant
 10263 | D:11     | Reached skill level 9 in Staves
 10878 | D:11     | Noticed a hill giant
 10883 | D:11     | Killed a hill giant
 10883 | D:11     | Reached XP level 12. HP: 72/103 MP: 17/17
 11200 | Lair:1   | Entered Level 1 of the Lair of Beasts
 11259 | Lair:1   | Found a labyrinth entrance.
 11275 | Lab      | Entered a labyrinth
 12239 | Lab      | Received a gift from Nemelex Xobeh
 13247 | Lab      | Noticed a minotaur
 13251 | Lab      | Killed a minotaur
 13251 | Lab      | Reached skill level 10 in Staves
 13253 | Lab      | Got a smoking gossamer ring
 13266 | Lab      | Identified the ring of Rimiujee {*Drain +Blink rN+ Int+2} (You took it off a minotaur in a labyrinth)
 13508 | Lair:1   | Reached skill level 10 in Shields
 13514 | Lair:1   | Noticed a seven-headed hydra
 13529 | Lair:1   | Killed an eight-headed hydra
 13600 | Lair:1   | Received a gift from Nemelex Xobeh
 14098 | Lair:2   | Received a gift from Nemelex Xobeh
 14217 | Lair:2   | Found a staircase to the Snake Pit.
 14330 | Lair:2   | Reached ****** piety under Nemelex Xobeh
 14408 | Lair:2   | Received a gift from Nemelex Xobeh
 14420 | Lair:2   | Noticed an eight-headed hydra
 14429 | Lair:2   | Killed an eight-headed hydra
 14474 | Lair:2   | Reached skill level 10 in Fighting
 14515 | Lair:2   | Reached skill level 11 in Staves
 14633 | Lair:2   | You fall through a shaft for 2 floors!
 14794 | Lair:4   | Received a gift from Nemelex Xobeh
 15080 | Lair:4   | Found a frozen archway.
 15106 | IceCv    | Entered an ice cave
 15136 | IceCv    | Reached XP level 13. HP: 89/114 MP: 19/19
 15144 | IceCv    | Reached skill level 12 in Staves
 15934 | Lair:3   | Noticed Rupert
 15951 | Lair:3   | Killed Rupert
 15982 | Lair:3   | HP: 5/114 [poisoned by a spiny frog]
 15987 | Lair:3   | HP: 5/114 [poisoned by a spiny frog]
 15994 | Lair:3   | HP: 5/114 [poisoned by a spiny frog]
 16002 | Lair:3   | HP: 5/114 [poisoned by a spiny frog]
 16442 | Lair:3   | Found a staircase to the Swamp.
 16444 | Lair:3   | Received a gift from Nemelex Xobeh
 16996 | Lair:3   | Reached skill level 10 in Invocations
 17348 | Lair:3   | Received a gift from Nemelex Xobeh
 17389 | Lair:3   | Reached skill level 13 in Staves
 18540 | Lair:5   | Found a viscous altar of Jiyva.
 18540 | Lair:5   | Found a staircase to the Slime Pits.
 18874 | Lair:5   | Noticed an entropy weaver
 18878 | Lair:5   | Noticed an entropy weaver
 18878 | Lair:5   | Killed an entropy weaver
 18884 | Lair:5   | Killed an entropy weaver
 18962 | Lair:5   | Received a gift from Nemelex Xobeh
 19391 | Lair:5   | Received a gift from Nemelex Xobeh
 19855 | Lair:6   | Entered Level 6 of the Lair of Beasts
 19990 | Lair:6   | Reached XP level 14. HP: 87/124 MP: 21/21
 20118 | Lair:6   | Received a gift from Nemelex Xobeh
 20152 | Lair:6   | Noticed an emperor scorpion
 20152 | Lair:6   | a death yak changed into an emperor scorpion
 20161 | Lair:6   | Killed a ghost moth
 20161 | Lair:6   | Reached skill level 14 in Staves
 20187 | Lair:6   | Killed an emperor scorpion
 20934 | Lair:6   | Received a gift from Nemelex Xobeh
 20970 | Lair:6   | Reached skill level 10 in Armour
 21264 | Lair:6   | Received a gift from Nemelex Xobeh
 21279 | Lair:6   | Found a basalt altar of Yredelemnul.
 21790 | Orc:1    | Entered Level 1 of the Orcish Mines
 21796 | Orc:1    | Found a roughly hewn altar of Beogh.
 21799 | Orc:1    | Found Meroog's Gadget Shop.
 21802 | Orc:1    | Noticed greprep's ghost (journeyman SpEn)
 21819 | Orc:1    | Killed greprep's ghost
 21858 | Orc:1    | Found Joun's Antique Armour Emporium.
 21866 | Orc:1    | Found Nohakoz's Weapon Emporium.
 21982 | Orc:1    | Bought a pair of runed boots for 325 gold pieces
 22076 | Orc:2    | Entered Level 2 of the Orcish Mines
 22218 | Orc:2    | Noticed Frank's ghost (journeyman GrFi)
 22228 | Orc:2    | Killed Frank's ghost
 22407 | Orc:2    | Paralysed by an orc sorcerer for 3 turns
 22438 | Orc:2    | Found a staircase to the Elven Halls.
 22448 | Orc:2    | Noticed Josephine
 22459 | Orc:2    | Killed Josephine
 22485 | Orc:1    | Received a gift from Nemelex Xobeh
 22565 | Orc:1    | Found Unuestri's Assorted Antiques.
 22570 | Orc:1    | Bought a scroll of identify for 44 gold pieces
 22648 | Orc:1    | Found Suptuta's Distillery.
 23181 | Orc:2    | Found Jaheqow's Magic Scroll Boutique.
 23181 | Orc:2    | Found Pufath's Magic Scroll Emporium.
 23227 | Orc:2    | Found Jeiseuc's Food Emporium.
 23227 | Orc:2    | Found Wumpux's Food Shop.
 23243 | Orc:2    | Bought a scroll of identify for 26 gold pieces
 23245 | Orc:2    | Bought a scroll of identify for 24 gold pieces
 23298 | Orc:2    | Received a gift from Nemelex Xobeh
 23372 | Orc:2    | Found a runed door.
 23603 | Orc:2    | Reached XP level 15. HP: 124/136 MP: 22/22
 23609 | Orc:2    | Reached skill level 15 in Staves
 23612 | Orc:2    | Paralysed by an orc sorcerer for 6 turns
 23643 | Orc:2    | Found a roughly hewn altar of Beogh.
 23842 | Orc:2    | Bought a scroll of enchant armour for 90 gold pieces
 23842 | Orc:2    | Bought a scroll of remove curse for 36 gold pieces
 23913 | Orc:1    | Bought a potion of cure mutation for 375 gold pieces
 24306 | D:12     | Gained mutation: You are occasionally teleported next to monsters. [mutagenic meat]
 24307 | D:12     | Gained mutation: You are dopey. (Int -2) [mutagenic meat]
 24308 | D:12     | Gained mutation: Your magical capacity is low. (-10% MP) [mutagenic meat]
 24308 | D:12     | Lost mutation: You are dopey. (Int -2) [potion of cure mutation]
 24308 | D:12     | Lost mutation: Your magical capacity is low. (-10% MP) [potion of cure mutation]
 24308 | D:12     | Lost mutation: You are occasionally teleported next to monsters. [potion of cure mutation]
 24330 | D:12     | Received a gift from Nemelex Xobeh
 24865 | D:12     | Noticed Harold
 24872 | D:12     | Killed Harold
 25700 | D:13     | Found a gate to the Vaults.
 25848 | D:13     | Received a gift from Nemelex Xobeh
 26076 | D:13     | Noticed a storm dragon
 26105 | D:13     | Killed a storm dragon
 26379 | D:14     | Received a gift from Nemelex Xobeh
 26538 | D:14     | Found Wilen's Magic Scroll Shop.
 26544 | D:14     | Bought a scroll of identify for 28 gold pieces
 27245 | D:14     | Received a gift from Nemelex Xobeh
 27804 | D:14     | Received a gift from Nemelex Xobeh
 28110 | D:14     | Noticed a fire giant
 28116 | D:14     | HP: 5/139 [fire giant/fireball (45)]
 28117 | D:14     | Killed from afar by a fire giant

Skill      XL: |  1  2  3  4  5  6  7  8  9 10 11 12 13 14 15 |
---------------+----------------------------------------------+-----
Armour         | 4 5 6 7 8 9 10 11 | 11.4
Axes           | 3 4 5 6 8 9 |  9.6
Shields        | 4 5 6 8 9 10 11 | 11.5
Dodging        | 1 2 3 4 5 6 7 8 |  8.8
Fighting       | 4 5 6 7 8 10 11 13 14 | 14.3
Stealth        | 1 2 3 4 |  4.5
Invocations    | 1 3 4 5 6 8 9 10 11 12 | 12.6
Maces & Flails | 3 5 |  5.4
Staves         | 4 9 11 13 14 15 | 15.8

Action                   |  1- 3 |  4- 6 |  7- 9 | 10-12 | 13-15 || total
-------------------------+-------+-------+-------+-------+-------++-------
Melee: War axe           |    86 |   125 |   123 |    35 |       ||   369
       Headbutt          |    14 |    22 |    46 |    97 |   260 ||   439
       Morningstar       |       |       |   132 |       |       ||   132
       Peck              |       |       |     5 |   106 |   264 ||   375
       Lajatang          |       |       |       |   472 |   954 ||  1426
Evoke: Deck              |       |     3 |    12 |    31 |    49 ||    95
  Use: Scroll            |     3 |     5 |     7 |    13 |    18 ||    46
       Potion            |       |     1 |       |     2 |     7 ||    10
 Stab: Sleeping          |       |     5 |     2 |     7 |       ||    14
       Petrified         |       |       |       |     1 |     1 ||     2
       Distracted        |       |       |       |       |     5 ||     5
  Eat: Chunk             |     1 |     6 |    13 |    12 |    27 ||    59
       Beef jerky        |       |       |       |     2 |     1 ||     3
       Meat ration       |       |       |       |     1 |     1 ||     2
       Bread ration      |       |       |       |     4 |     2 ||     6
       Royal jelly       |       |       |       |       |     1 ||     1
       Fruit             |       |       |       |       |     1 ||     1
Armor: Scale mail        |    28 |       |       |       |       ||    28
       Ring mail         |    11 |    39 |    68 |   130 |    10 ||   258
       Chain mail        |     3 |       |       |       |       ||     3
       Ice dragon scales |       |       |       |       |   365 ||   365
       Storm dragon scal |       |       |       |       |     1 ||     1
Dodge: Dodged            |    34 |    45 |   109 |   296 |   542 ||  1026
Block: Shield            |    58 |    65 |   185 |    67 |       ||   375
       Reflection        |       |       |     5 |    54 |     8 ||    67
       Other             |       |       |       |   108 |   177 ||   285
